 Dungeon Crawl Stone Soup version 0.14-a0-445-g388476e (webtiles) character file.

57451 PolkaDot the Bewitcher (level 14, -4/85 HPs)
             Began as a Vampire Enchanter on Oct 29, 2013.
             Was the Champion of Sif Muna.
             Slain by a death yak (21 damage)
             ... on Level 8 of the Lair of Beasts.
             The game lasted 02:45:52 (19174 turns).

PolkaDot the Bewitcher (Vampire Enchanter)         Turns: 19174, Time: 02:45:52

HP  -4/85        AC  4     Str 11      XL: 14   Next: 41%
MP   2/31        EV 17     Int 27      God: Sif Muna [******]
Gold 1243        SH  0     Dex 20      Spells: 10 memorised,  2 levels left

Res.Fire  : . . .   See Invis. : +   f - +5 dwarf dagger (speed) (curse)
Res.Cold  : + + .   Warding    : .   x - -1 mottled dragon armour
Life Prot.: + + +   Conserve   : +   (no shield)
Res.Poison: +       Res.Corr.  : .   (no helmet)
Res.Elec. : .       Clarity    : .   t - +0 cloak
Sust.Abil.: . .     Spirit.Shd : .   Z - -5 pair of gloves of the Three Beggars {Str+4 Dex+3 Int+4}
Res.Mut.  : .       Stasis     : .   (no boots)
Res.Rott. : +       Flight     : .   s - amulet of conservation
Saprovore : . . .                    K - +3 ring of intelligence
                                     g - ring of Leaves {rPois rN+ Dex+2}

@: regenerating slowly, quick, somewhat resistant to hostile enchantments, very
stealthy
A: bottle blood, fangs 3, see invisible, unbreathing
a: Bat Form, Bottle Blood, Channel Energy, Forget Spell, Renounce Religion


You were on level 8 of the Lair of Beasts.
You worshipped Sif Muna.
Sif Muna was exalted by your worship.
You were near bloodless.

You visited 2 branches of the dungeon, and saw 21 of its levels.
You also visited: Volcano.

You collected 1378 gold pieces.
You spent 155 gold pieces at shops.

Inventory:

Hand weapons
 f - a cursed +5,+5 dwarven dagger of speed (weapon)
 i - the +6,+5 long sword of Twuorr {vamp, +Inv +Fly MR+}
   (You found it on level 7 of the Lair of Beasts)

   It inflicts no extra harm, but heals its wielder somewhat when it strikes a
   living foe.
   It affects your resistance to hostile enchantments.
   It lets you turn invisible.
   It lets you fly.
Armour
 t - a +0 cloak (worn)
 x - a -1 mottled dragon armour (worn)
 Z - the -5 pair of gloves of the Three Beggars (worn) {Str+4 Dex+3 Int+4}
   (You bought it in a shop on level 13 of the Dungeon)

   It affects your strength (+4).
   It affects your intelligence (+4).
   It affects your dexterity (+3).
Magical devices
 E - a wand of teleportation (8)
 Q - a wand of hasting (5)
Scrolls
 b - 3 scrolls of identify
 d - a scroll of teleportation
 h - a scroll of blinking
 j - 14 scrolls of remove curse
Jewellery
 g - the ring of Leaves (left hand) {rPois rN+ Dex+2}
   (You found it on level 7 of the Dungeon)

   [ring of poison resistance]

   It affects your dexterity (+2).
   It protects you from negative energy.
 s - an amulet of conservation (around neck)
 K - a +3 ring of intelligence (right hand)
Potions
 e - a potion of flight
 u - 6 potions of brilliance
 z - 11 potions of curing
 B - a potion of might
 I - 2 potions of magic
 J - a potion of resistance
 N - 5 potions of heal wounds
 O - a potion of restore abilities
 R - 2 potions of mutation
 U - a potion of agility
Books
 a - a book of Spatial Translocations

   Spells                             Type                      Level
   Apportation                        Translocation                1
   Portal Projectile                  Translocation                2
   *Blink                             Translocation                2
   Shroud of Golubria                 Charms/Translocation         2
   Teleport Other                     Translocation                3
   Passage of Golubria                Translocation                4
 c - a book of Maledictions

   Spells                             Type                      Level
   *Corona                            Hexes                        1
   Sure Blade                         Hexes/Charms                 2
   *Ensorcelled Hibernation           Hexes/Ice                    2
   *Confuse                           Hexes                        3
   Enslavement                        Hexes                        4
   *Invisibility                      Hexes                        6
 o - a book of Air

   Spells                             Type                      Level
   Shock                              Conjuration/Air              1
   *Swiftness                         Charms/Air                   2
   *Repel Missiles                    Charms/Air                   2
   *Flight                            Charms/Air                   3
   Static Discharge                   Conjuration/Air              3
   Lightning Bolt                     Conjuration/Air              5
 v - Sif Muna's Reference Book on Enchantment
   (Sif Muna gifted it to you on level 11 of the Dungeon)

   Spells                             Type                      Level
   Confusing Touch                    Hexes                        1
   Inner Flame                        Hexes/Fire                   3
   Enslavement                        Hexes                        4
   Tukima's Dance                     Hexes                        5
   *Mass Confusion                    Hexes                        6
 D - Sif Muna's Compendium of Aid
   (Sif Muna gifted it to you on level 1 of the Lair of Beasts)

   Spells                             Type                      Level
   Infusion                           Charms                       1
   Freezing Aura                      Charms/Ice                   2
   Song of Slaying                    Charms                       2
   Iskenderun's Battlesphere          Conjuration/Charms           4
   Haste                              Charms                       6
 M - a book of Conjurations

   Spells                             Type                      Level
   Magic Dart                         Conjuration                  1
   Searing Ray                        Conjuration                  2
   Dazzling Spray                     Conjuration/Hexes            3
   Iskenderun's Mystic Blast          Conjuration                  4
   Iskenderun's Battlesphere          Conjuration/Charms           4
   Fulminant Prism                    Conjuration/Hexes            5
 P - a Necronomicon {highlevel}

   This book is beyond your current level of understanding.

   Spells                             Type                      Level
   Borgnjor's Revivification          Necromancy                   7
   Haunt                              Necromancy/Summoning         7
   Death's Door                       Charms/Necromancy            8
   Necromutation                      Transmutation/Necromancy     8
 T - a book of the Warp

   Spells                             Type                      Level
   Recall                             Summoning/Translocation      3
   Control Teleport                   Charms/Translocation         4
   Phase Shift                        Translocation                5
   Warp Weapon                        Charms/Translocation         5
   Dispersal                          Translocation                6
   Controlled Blink                   Translocation                7
   Disjunction                        Translocation                8
 V - a book of the Earth

   Spells                             Type                      Level
   Dig                                Earth                        4
   Leda's Liquefaction                Hexes/Earth                  4
   Bolt of Magma                      Conjuration/Fire/Earth       5
   Statue Form                        Transmutation/Earth          6
   Iron Shot                          Conjuration/Earth            6
   Shatter                            Earth                        9
 W - the Papyrus of Feathers
   (You found it on level 12 of the Dungeon)

   Spells                             Type                      Level
   Shock                              Conjuration/Air              1
   *Flight                            Charms/Air                   3
   *Airstrike                         Air                          4
   Freezing Cloud                     Conjuration/Ice/Air          6
 X - Imos' Catalogue of Enhancements and the Birds
   (Sif Muna gifted it to you on level 13 of the Dungeon)

   Spells                             Type                      Level
   Song of Slaying                    Charms                       2
   Regeneration                       Charms/Necromancy            3
   *Flight                            Charms/Air                   3
   Silence                            Hexes/Air                    5
   Conjure Ball Lightning             Conjuration/Air              6


   Skills:
 - Level 3.8 Short Blades
 - Level 0.7 Throwing
 - Level 5.5 Armour
 * Level 7.3 Dodging
 - Level 15.2 Stealth
 - Level 10.0 Spellcasting
 - Level 18.2 Hexes
 + Level 9.4 Charms
 + Level 9.4 Air Magic
 - Level 2.0 Invocations


You had 2 spell levels left.
You knew the following spells:

 Your Spells              Type           Power        Failure   Level  Hunger
a - Airstrike             Air            ######....   1%          4    None
b - Blink                 Tloc           N/A          8%          2    None
c - Confuse               Hex            #######.     0%          3    None
f - Flight                Chrm/Air       ######....   1%          3    None
r - Repel Missiles        Chrm/Air       ######....   1%          2    None
s - Swiftness             Chrm/Air       ######....   1%          2    None
A - Corona                Hex            #######      0%          1    None
C - Mass Confusion        Hex            #######...   1%          6    #####..
D - Ensorcelled Hibernat  Hex/Ice        ######       1%          2    None
I - Invisibility          Hex            #######.     1%          6    #####..


Dungeon Overview and Level Annotations

Branches:
Dungeon (13/27)            Temple (0/1) D:5             Orc (0/4) D:10
   Lair (8/8) D:13          Swamp (0/5) Lair:3        Snake (0/5) Lair:5
  Slime (0/6) Lair:8

Altars:
Fedhas
Kikubaaqudgha
Okawaru
Sif Muna
Trog

Shops:
D:7 *   D:12 (   D:13 }/=+[

Annotations:
Lair:2 Gastronok


Innate Abilities, Weirdness & Mutations

You heal slowly.
You can bottle blood from corpses.
You have razor-sharp teeth.*
You have supernaturally acute eyesight.
You can survive without breathing.*
((You have an increased reservoir of magic (+10% MP).))+


Message History

Aim: a death yak (severely wounded)
The air twists around and strikes the death yak!
The death yak is almost dead.
The death yak barely misses you.
Use which ability? (? or * to list)
You channel some magical energy.
The death yak barely misses you.
Use which ability? (? or * to list)
You channel some magical energy.
The death yak closely misses you.
Use which ability? (? or * to list)
You channel some magical energy.
The death yak gores you!
* * * LOW HITPOINT WARNING * * *
Casting: Airstrike
Confirm with . or Enter, or press ? or * to list all spells.
Aiming: Airstrike
Press: ? - help, Dir - move target cursor, f/p - death yak
Aim: a death yak (almost dead)
The air twists around and strikes the death yak!
The death yak is almost dead.
The death yak gores you!
You die...

####..............#...##.ff..
##................P.P.#..... ###
#.#.......PPP......P...P....
##.####......fff..PP..#..........
#...f##.........#..f...#PPP......
##....%................PPP.#..."P
P....................%..P...P....
..f.....................ff.P.....
.....%...%.....Y@......fff..P..ff
...............f.......f........f
#...[.(..........#.....f.).....f#
#.......................ffff.....
#f.....f....P...........f........
##.........PP#...P....#f..P#.f...
#.........f..#........PP...##...#
....#.....fffff...........####...
P......P...fffff................#


You could see a death yak.

Vanquished Creatures
  3 hydras
  A centaur warrior (D:13)
  7 skeletal warriors (D:13)
  An unseen horror (D:11)
  3 hill giants
  A lindwurm (Lair:5)
  Joseph (D:7)
  An oklob plant (Lair:7)
  2 cyclopes
  A griffon (Lair:3)
  6 black mambas
  16 elephants
  9 spiny frogs
  An item mimic (D:8)
  A queen ant (Lair:1)
  4 fire drakes
  6 komodo dragons
  2 trolls
  3 wandering mushrooms (Lair:4)
  A hydra skeleton (D:9)
  A polar bear (Lair:8)
  3 two-headed ogres
  A griffon zombie (D:13)
  11 slime creatures
  6 blink frogs
  2 basilisks
  2 sharks
  9 ugly things (D:13)
  3 toenail golems (Volcano)
  An elephant slug (Lair:4)
  37 yaks
  2 hungry ghosts
  Eustachio (D:9)
  A hill giant zombie (D:9)
  Grum (D:8)
  19 wolves
  A vampire (D:12)
  6 hippogriffs
  7 orc warriors
  9 soldier ants
  6 nagas (Lair:5)
  An ice beast (D:10)
  8 porcupines
  5 sky beasts
  2 black bears
  The ghost of Zurvan the Shield-Bearer, an average LOFi (D:3)
  A yellow wasp (D:11)
  6 giant goldfish
  10 centaurs
  2 ogres
  9 giant frogs
  7 crocodiles
  17 giant slugs
  A brain worm (D:12)
  A cyclops zombie (D:12)
  10 agate snails
  2 big kobolds
  19 water moccasins
  A wyvern zombie (D:12)
  A cyclops skeleton (D:13)
  8 wights
  2 troll zombies
  3 jellyfish (D:6)
  6 killer bees (D:12)
  A yak skeleton (D:13)
  5 electric eels
  A hippogriff skeleton (D:9)
  2 goliath beetles
  5 crimson imps
  5 orc priests
  A big fish (D:6)
  A giant frog zombie (D:11)
  16 jellies
  8 hounds
  2 quasits
  15 orc wizards
  4 scorpions
  2 giant frog skeletons
  A gnoll shaman (D:5)
  7 iguanas
  30 worker ants
  22 sheep
  A killer bee zombie (D:11)
  2 big kobold zombies
  A mottled dragon skeleton (D:13)
  An ogre zombie (D:7)
  A mummy (D:8)
  2 hound skeletons
  3 gnolls (D:5)
  25 adders
  5 giant centipedes
  47 green rats
  4 giant mites
  7 worms
  A goliath beetle zombie (D:10)
  An adder zombie (D:8)
  A scorpion zombie (D:9)
  2 giant eyeballs
  8 giant geckos
  2 oozes
  52 orcs
  25 bats
  5 giant cockroaches
  12 goblins
  18 hobgoblins
  18 kobolds
  5 quokkas
  3 ball pythons
  A giant mite zombie (D:6)
  5 giant newts
  2 hobgoblin skeletons
  6 humans (Volcano)
  17 jackals
  A quokka skeleton (D:4)
  14 rats
748 creatures vanquished.

Vanquished Creatures (others)
  2 orcs (D:10)
  A kobold (D:13)
  2 plants
5 creatures vanquished.

Grand Total: 753 creatures vanquished

Notes
Turn   | Place    | Note
--------------------------------------------------------------
     0 | D:1      | PolkaDot, the Vampire Enchanter, began the quest for the Orb.
     0 | D:1      | Reached XP level 1. HP: 13/13 MP: 4/4
   367 | D:1      | Reached XP level 2. HP: 17/19 MP: 5/5
  1022 | D:2      | Reached XP level 3. HP: 17/24 MP: 6/6
  1137 | D:2      | Reached skill level 5 in Hexes
  1164 | D:2      | Reached XP level 4. HP: 22/30 MP: 8/8
  1665 | D:3      | Found an iron altar of Okawaru.
  1784 | D:3      | Noticed Zurvan's ghost (average LOFi)
  1794 | D:3      | Learned a level 3 spell: Confuse
  1815 | D:3      | Found a deep blue altar of Sif Muna.
  1823 | D:3      | Paralysed by a potion of paralysis for 4 turns
  1872 | D:3      | Killed Zurvan's ghost
  1872 | D:3      | Reached skill level 5 in Stealth
  1872 | D:3      | Reached skill level 6 in Hexes
  1872 | D:3      | Reached XP level 5. HP: 24/35 MP: 0/9
  2553 | D:3      | Became a worshipper of Sif Muna the Loreminder
  2556 | D:3      | Gained mutation: You have an increased reservoir of magic (+10% MP). [potion of beneficial mutation]
  2592 | D:3      | Noticed an ogre
  2619 | D:3      | Killed an ogre
  2619 | D:3      | Reached skill level 7 in Hexes
  2619 | D:3      | Reached XP level 6. HP: 41/41 MP: 7/11
  3636 | D:5      | Entered Level 5 of the Dungeon
  3650 | D:5      | Reached skill level 8 in Hexes
  3659 | D:5      | Found a staircase to the Ecumenical Temple.
  3915 | D:5      | Reached XP level 7. HP: 46/46 MP: 12/12
  3961 | D:5      | Reached skill level 9 in Hexes
  4021 | D:5      | Acquired Sif Muna's first power
  4288 | D:6      | Learned a level 2 spell: Ensorcelled Hibernation
  4302 | D:6      | Reached skill level 10 in Hexes
  4515 | D:6      | Reached XP level 8. HP: 33/52 MP: 14/14
  4776 | D:6      | Reached skill level 11 in Hexes
  4838 | D:7      | Noticed Joseph
  4844 | D:7      | Killed Joseph
  4844 | D:7      | Acquired Sif Muna's second power
  4844 | D:7      | Reached skill level 12 in Hexes
  4877 | D:7      | Reached skill level 10 in Stealth
  4977 | D:7      | Learned a level 6 spell: Invisibility
  5177 | D:7      | Reached XP level 9. HP: 57/57 MP: 19/19
  5369 | D:7      | Learned a level 3 spell: Flight
  5382 | D:7      | Got a twitching lapis lazuli ring
  5463 | D:7      | Found Qiserr Guumm's Serpentskin Sales.
  5474 | D:7      | Reached skill level 1 in Charms
  5554 | D:7      | Reached skill level 1 in Air Magic
  5621 | D:8      | Reached skill level 5 in Spellcasting
  5704 | D:8      | Learned a level 2 spell: Swiftness
  5850 | D:8      | Acquired Sif Muna's third power
  5952 | D:8      | Killed a bread ration mimic
  5992 | D:8      | Learned a level 2 spell: Repel Missiles
  6090 | D:8      | Identified the ring of Leaves {rPois rN+ Dex+2} (You found it on level 7 of the Dungeon)
  6247 | D:8      | Noticed Grum
  6260 | D:8      | Reached XP level 10. HP: 63/63 MP: 2/26
  6276 | D:8      | Killed Grum
  6507 | D:9      | Noticed Eustachio
  6512 | D:9      | Reached skill level 1 in Invocations
  6518 | D:9      | Killed Eustachio
  6581 | D:9      | Found a blossoming altar of Fedhas.
  6582 | D:9      | Found a bloodstained altar of Trog.
  6729 | D:9      | Reached skill level 5 in Charms
  7062 | D:10     | Entered Level 10 of the Dungeon
  7077 | D:10     | Reached skill level 13 in Hexes
  7417 | D:10     | Found a staircase to the Orcish Mines.
  7561 | D:10     | Reached skill level 5 in Air Magic
  7966 | D:11     | Noticed a hill giant
  7975 | D:11     | Killed a hill giant
  7975 | D:11     | Received a gift from Sif Muna
  7976 | D:11     | Identified Sif Muna's Reference Book on Enchantment (Sif Muna gifted it to you on level 11 of the Dungeon)
  8014 | D:11     | Noticed an unseen horror
  8020 | D:11     | Killed an unseen horror
  8020 | D:11     | Reached XP level 11. HP: 68/68 MP: 25/25
  8298 | D:11     | Noticed a cyclops
  8300 | D:11     | Killed a cyclops
  8628 | D:12     | Reached skill level 14 in Hexes
  9267 | D:12     | Noticed a hill giant
  9277 | D:12     | Killed a hill giant
  9406 | D:12     | Found Itam's Antique Weapon Emporium.
  9638 | D:12     | Identified the Papyrus of Feathers
  9717 | D:12     | Learned a level 6 spell: Mass Confusion
  9804 | D:13     | Found Fridanif's Gadget Boutique.
  9814 | D:13     | Found Ghi Mala's Magical Wand Emporium.
  9965 | D:13     | Noticed a hill giant
  9968 | D:13     | Killed a hill giant
  9978 | D:13     | Reached skill level 15 in Hexes
 10088 | D:13     | Noticed a centaur warrior
 10294 | D:13     | Received a gift from Sif Muna
 10294 | D:13     | Reached XP level 12. HP: 72/72 MP: 17/28
 10295 | D:13     | Identified Imos' Catalogue of Enhancements and the Birds (Sif Muna gifted it to you on level 13 of the Dungeon)
 10297 | D:13     | Killed a centaur warrior
 10725 | D:13     | Noticed a skeletal warrior
 10727 | D:13     | Noticed a skeletal warrior
 10730 | D:13     | Noticed a skeletal warrior
 10731 | D:13     | Noticed a skeletal warrior
 10738 | D:13     | Killed a skeletal warrior
 10738 | D:13     | Reached skill level 16 in Hexes
 10740 | D:13     | Killed a skeletal warrior
 10746 | D:13     | Killed a skeletal warrior
 10757 | D:13     | Noticed a skeletal warrior
 10758 | D:13     | Noticed a skeletal warrior
 10760 | D:13     | Noticed a skeletal warrior
 10911 | D:13     | Killed a skeletal warrior
 10916 | D:13     | Killed a skeletal warrior
 10922 | D:13     | Killed a skeletal warrior
 10932 | D:13     | Killed a skeletal warrior
 10990 | D:13     | Found Gatramu's Antique Armour Emporium.
 10997 | D:13     | Bought a pair of encrusted gloves for 155 gold pieces
 10998 | D:13     | Identified the cursed -5 pair of gloves of the Three Beggars {Str+4 Dex+3 Int+4} (You bought it in a shop on level 13 of the Dungeon)
 11002 | D:13     | Found Covugeg's Book Shop.
 11057 | D:13     | Reached skill level 17 in Hexes
 11065 | D:13     | Found Coanueck's Jewellery Shop.
 11182 | D:13     | Found a staircase to the Lair.
 11369 | Lair:1   | Entered Level 1 of the Lair of Beasts
 11520 | Lair:1   | Received a gift from Sif Muna
 11521 | Lair:1   | Identified Sif Muna's Compendium of Aid (Sif Muna gifted it to you on level 1 of the Lair of Beasts)
 11666 | Lair:1   | Found a bloodstained altar of Trog.
 11671 | Lair:1   | Reached skill level 15 in Stealth
 12117 | Lair:1   | Reached XP level 13. HP: 71/77 MP: 20/30
 12227 | Lair:1   | Learned a level 4 spell: Airstrike
 12862 | Lair:2   | Noticed Gastronok
 12965 | Lair:3   | Reached skill level 18 in Hexes
 13086 | Lair:3   | Found a dark tunnel.
 13096 | Volcano  | Entered a volcano
 13504 | Lair:3   | Found a staircase to the Swamp.
 14361 | Lair:4   | Reached skill level 1 in Armour
 14424 | Lair:4   | Learned a level 2 spell: Blink
 14611 | Lair:4   | Got a crystal short sword
 14612 | Lair:4   | Identified the +5,+7 short sword of Cobwebs {antimagic, rElec} (You found it on level 4 of the Lair of Beasts)
 15196 | Lair:5   | Found a staircase to the Snake Pit.
 15217 | Lair:5   | Reached skill level 10 in Spellcasting
 16171 | Lair:6   | Found a bloodstained altar of Trog.
 16254 | Lair:6   | Received a gift from Sif Muna
 16310 | Lair:6   | Identified a scroll of acquirement
 16639 | Lair:6   | Reached skill level 5 in Armour
 16663 | Lair:7   | Found an ancient bone altar of Kikubaaqudgha.
 16691 | Lair:7   | Reached XP level 14. HP: 85/85 MP: 24/31
 16839 | Lair:7   | Got a faintly glowing long sword
 16840 | Lair:7   | Identified the +6,+5 long sword of Twuorr {vamp, +Inv +Fly MR+} (You found it on level 7 of the Lair of Beasts)
 16895 | Lair:7   | Reached skill level 5 in Dodging
 18105 | Lair:8   | Entered Level 8 of the Lair of Beasts
 18345 | Lair:8   | Found a staircase to the Slime Pits.
 19174 | Lair:8   | Slain by a death yak

Action                   |  1- 3 |  4- 6 |  7- 9 | 10-12 | 13-15 || total
-------------------------+-------+-------+-------+-------+-------++-------
Melee: Dagger            |   153 |   299 |   191 |   473 |   539 ||  1655
 Cast: Confuse           |       |    14 |    18 |    16 |    12 ||    60
       Ensorcelled Hiber |       |       |    41 |    87 |   130 ||   258
       Invisibility      |       |       |     6 |    25 |    18 ||    49
       Flight            |       |       |     4 |    37 |    49 ||    90
       Swiftness         |       |       |     1 |    36 |    65 ||   102
       Corona            |       |       |     1 |     1 |       ||     2
       Mass Confusion    |       |       |       |       |    13 ||    13
       Airstrike         |       |       |       |       |    38 ||    38
       Repel Missiles    |       |       |       |       |     2 ||     2
Invok: Channel Energy    |       |       |     6 |    77 |   180 ||   263
 Abil: End Transformatio |       |     1 |       |       |       ||     1
       Bat Form          |       |     1 |       |       |       ||     1
       Evoke Flight      |       |       |     1 |       |       ||     1
Evoke: Wand              |       |       |       |       |     7 ||     7
  Use: Scroll            |     1 |    12 |     4 |    12 |    19 ||    48
       Potion            |       |     6 |     1 |     3 |     5 ||    15
 Stab: Sleeping          |     5 |     9 |    49 |   221 |   220 ||   504
       Confused          |       |    10 |     9 |    11 |    24 ||    54
       Distracted        |       |     2 |       |     1 |     1 ||     4
       Invisible         |       |       |    10 |    33 |    33 ||    76
